 Dungeon Crawl Stone Soup version 0.21.0-25-ge575cb9 (webtiles) character file.

44 troglodite the Charmwright (level 3, -5/31 HPs)
             Began as a Gnoll Skald on Jan 26, 2018.
             Slain by Natasha (10 damage)
             ... on level 2 of the Dungeon.
             The game lasted 00:03:01 (946 turns).

troglodite the Charmwright (Gnoll Skald)             Turns: 946, Time: 00:03:02

Health: -5/31      AC:  5    Str: 14    XL:     3   Next: 62%
Magic:  6/9        EV: 13    Int: 15    God:
Gold:   30         SH:  0    Dex: 14    Spells: 5/12 levels left

rFire    . . .     SeeInvis .   a - +0 falchion
rCold    . . .     Gourm    .   (no shield)
rNeg     . . .     Faith    .   f - +0 ring mail
rPois    .         Spirit   .   (no helmet)
rElec    .         Reflect  .   (no cloak)
rCorr    .         Harm     .   (no gloves)
MR       .....                  (no boots)
Stlth    +.........             (no amulet)
HPRegen  1.10/turn              (no ring)
MPRegen  0.11/turn              (no ring)

@: regenerating
A: distributed training, fangs 1, strong nose
a: no special abilities


You were on level 2 of the Dungeon.
You were not hungry.

You visited 1 branch of the dungeon, and saw 2 of its levels.

You collected 30 gold pieces.

Inventory:

Hand Weapons
 a - a +0 falchion (weapon)
Armour
 f - a +0 ring mail (worn)
Scrolls
 b - a scroll of remove curse {unknown}
 g - 2 scrolls of teleportation {unknown}
 i - a scroll of immolation {unknown}
 j - a scroll of identify {unknown}
Potions
 e - a potion of flight {unknown}
 k - a potion of curing {unknown}
Books
 c - a book of Battle

   Spells                             Type                      Level
   a - Infusion                       Charms                       1
   b - Shroud of Golubria             Charms/Translocation         2
   c - Song of Slaying                Charms                       2
   d - Spectral Weapon                Hexes/Charms                 3
   e - Regeneration                   Charms/Necromancy            3
Comestibles
 d - 2 rations
 h - 9 chunks of flesh


   Skills:
 + Level 4.5 Fighting
 + Level 0.8 Short Blades
 + Level 4.5 Long Blades
 + Level 0.8 Axes
 + Level 0.8 Maces & Flails
 + Level 0.8 Polearms
 + Level 0.8 Staves
 + Level 0.8 Slings
 + Level 0.8 Bows
 + Level 0.8 Crossbows
 + Level 0.8 Throwing
 + Level 2.6 Armour
 + Level 4.5 Dodging
 + Level 0.8 Stealth
 + Level 0.8 Shields
 + Level 0.8 Unarmed Combat
 + Level 5.0 Spellcasting
 + Level 0.5 Conjurations
 + Level 0.5 Hexes
 + Level 5.4 Charms
 + Level 0.5 Summonings
 + Level 0.5 Necromancy
 + Level 0.5 Translocations
 + Level 0.5 Transmutations
 + Level 0.5 Fire Magic
 + Level 0.5 Ice Magic
 + Level 0.5 Air Magic
 + Level 0.5 Earth Magic
 + Level 0.5 Poison Magic
 + Level 1.0 Invocations
 + Level 0.8 Evocations


You had 5 spell levels left.
You knew the following spells:

 Your Spells              Type           Power        Failure   Level  Hunger
a - Infusion              Chrm           ###.         3%          1    None
b - Spectral Weapon       Hex/Chrm       ##......     28%         3    ###....
c - Regeneration          Chrm/Necr      ##........   28%         3    ###....


Dungeon Overview and Level Annotations

Branches:
Dungeon (2/15)

Altars:
Elyvilon

Annotations:
D:2 Natasha


Innate Abilities, Weirdness & Mutations

Your experience applies equally to all skills.
You have very sharp teeth.
Your uncanny sense of smell can sniff out nearby items.


Message History

You kill the adder!
Your Invocations skill increases to level 1!
You completely miss Natasha.
Natasha mumbles some strange words.
You closely miss Natasha. Natasha closely misses you.
The crimson imp completely misses you.
You completely miss Natasha.
Natasha stares at you and mumbles some strange words.
The magic dart hits you! The crimson imp hits you.
You closely miss Natasha. Natasha claws you!
* * * LOW HITPOINT WARNING * * *
The crimson imp closely misses you.
You riposte.
You hit the crimson imp but do no damage.
You bite the crimson imp, but do no damage.
Unknown command.
The crimson imp hits you.
* * * LOW HITPOINT WARNING * * *
Cast which spell? (? or * to list)
Your skin crawls.
Natasha claws you!
You die...

##### #.=...
################......
####.............._......
###....#####.....###.......
...<########....5h5).......
................@###.....(.
#........###.....# .......
#........# #....... .......
#...((...# #........(......
#...(....###......##.......
#..^.†(...<.......# .......
.........###.....#. .......
######....#........
###..#........


You could see an iron imp, Natasha and a crimson imp.

Vanquished Creatures
  An adder (D:2)
  An ooze (D:1)
  A dart slug (D:1)
  2 leopard geckos (D:2)
  3 bats
  3 giant cockroaches
  3 goblins
  3 hobgoblins
  3 jackals (D:2)
  A frilled lizard (D:2)
  4 kobolds
  A rat (D:1)
26 creatures vanquished.

Notes
Turn   | Place    | Note
-------+----------+-------------------------------------------
     0 | D:1      | troglodite the Gnoll Skald began the quest for the Orb.
     0 | D:1      | Reached XP level 1. HP: 20/20 MP: 6/6
   178 | D:1      | Reached XP level 2. HP: 24/26 MP: 7/7
   829 | D:2      | Reached XP level 3. HP: 29/31 MP: 9/9
   834 | D:2      | Reached skill level 5 in Spellcasting
   850 | D:2      | Learned a level 3 spell: Spectral Weapon
   854 | D:2      | Learned a level 3 spell: Regeneration
   913 | D:2      | Found a white marble altar of Elyvilon.
   929 | D:2      | Noticed Natasha
   940 | D:2      | Reached skill level 1 in Invocations
   946 | D:2      | Slain by Natasha

Skill      XL: |  1  2  3 |
---------------+----------+-----
Spellcasting   | 5 |  5.0
Invocations    | 1 |  1.0
Fighting       | |  4.5
Short Blades   | |  0.8
Long Blades    | |  4.5
Axes           | |  0.8
Maces & Flails | |  0.8
Polearms       | |  0.8
Staves         | |  0.8
Slings         | |  0.8
Bows           | |  0.8
Crossbows      | |  0.8
Throwing       | |  0.8
Armour         | |  2.6
Dodging        | |  4.5
Stealth        | |  0.8
Shields        | |  0.8
Unarmed Combat | |  0.8
Conjurations   | |  0.5
Hexes          | |  0.5
Charms         | |  5.4
Summonings     | |  0.5
Necromancy     | |  0.5
Translocations | |  0.5
Transmutations | |  0.5
Fire Magic     | |  0.5
Ice Magic      | |  0.5
Air Magic      | |  0.5
Earth Magic    | |  0.5
Poison Magic   | |  0.5
Evocations     | |  0.8

Action                   || total
-------------------------++-------
Melee: Falchion          ||    63
       Bite              ||     4
       Punch             ||     1
 Cast: Regeneration      ||     1
Armor: Ring mail         ||    22
Dodge: Dodged            ||    62
       Rpst.: Falchion   ||    14
